 Dungeon Crawl Stone Soup version 0.30-a0-585-g93115170b9 (webtiles) character file.

Game seed: 9758985911977748692

1358 hikkokomori the Destroyer (level 8, -2/49 HPs)
             Began as an Octopode Conjurer on Jan 2, 2023.
             Was an Initiate of Gozag.
             Shot with an arrow by a centaur (13 damage)
             ... on level 5 of the Dungeon.
             The game lasted 00:10:02 (4953 turns).

hikkokomori the Destroyer (Octopode Conjurer)       Turns: 4953, Time: 00:10:03

Health: -2/49      AC:  1    Str:  7    XL:     8   Next: 64%
Magic:  0/12       EV: 13    Int: 22    God:    Gozag
Gold:   451        SH:  0    Dex: 10    Spells: 5/12 levels left

rFire   . . .      SeeInvis .    f - +2 short sword (flame)
rCold   . . .      Faith    .    (no shield)
rNeg    . . .      Spirit   .    (helmet restricted)
rPois   .          Reflect  .    (no amulet)
rElec   .          Harm     .    (no ring)
rCorr   .          Rampage  .    (no ring)
Will    .....                    (no ring)
Stlth   +++                      (no ring)
HPRegen 0.28/turn                (no ring)
MPRegen 0.13/turn                (no ring)
                                 (no ring)
                                 (no ring)

@: no status effects
A: almost no armour, amphibious, 8 rings, camouflage 1, gelatinous body 1,
(nimble swimmer 1), tentacles
a: Renounce Religion, Potion Petition, Call Merchant, Bribe Branch


You were on level 5 of the Dungeon.
You worshipped Gozag.
Gozag was aware of your devotion.
You visited 2 branches of the dungeon, and saw 6 of its levels.

You collected 526 gold pieces.
You paid 75 gold pieces to Gozag.

Inventory:

Hand Weapons
 f - a +2 short sword of flaming (weapon)
Wands
 b - a wand of flame (6)
 g - a wand of light (3)
Scrolls
 d - 3 scrolls of teleportation
Potions
 a - a potion of magic
 c - a potion of resistance {unknown}
 e - a potion of curing {unknown}
 h - a potion of berserk rage {unknown}
 i - a potion of might {unknown}
 j - a potion of mutation {unknown}
 k - 2 potions of haste
 l - 3 potions of degeneration {unknown}
 m - 2 potions of heal wounds
 n - a potion of cancellation {unknown}


   Skills:
 + Level 1.7 Fighting
 - Level 2.0 Dodging
 - Level 2.7 Stealth
 + Level 2.7 Spellcasting
 + Level 8.6 Conjurations
 - Level 6.0 Hexes


You had 5 spell levels left.
You knew the following spells:

 Your Spells              Type           Power      Damage    Failure   Level
a - Magic Dart            Conj           100%       1d8       1%          1
b - Fulminant Prism       Conj/Hex       17%        3d11      6%          4
c - Searing Ray           Conj           82%        2d7       1%          2

Your spell library contained the following spells:

 Spells                   Type           Power      Damage    Failure   Level
 Dazzling Flash           Conj/Hex       70%        N/A       1%          3
 Iskenderun's Mystic Bla  Conj/Tloc      22%        2d6       22%         4
 Irradiate                Conj/Tmut      11%        3d15      52%         5
 Silence                  Hex/Air        8%         N/A       71%         5
 Agony                    Necr           2%         N/A       98%         5
 Blade Hands              Tmut           1%         N/A       98%         5
 Dragon Form              Tmut           1%         N/A       100%        7


Dungeon Overview and Level Annotations

Branches:
Dungeon (5/15)             Temple (1/1) D:4

Altars:
Ashenzari
Cheibriados
Dithmenos
Elyvilon
Fedhas
Gozag
Hepliaklqana
Makhleb
Nemelex Xobeh
Qazlal
Sif Muna
Trog
Vehumet
Wu Jian
Xom
Yredelemnul
Zin

Shops:
D:5 [


Innate Abilities, Weirdness & Mutations

You cannot wear most types of armour.
You are amphibious.
You can wear up to eight rings at the same time.
Your skin changes colour to match your surroundings (Stealth+).
Your rubbery body absorbs attacks. (AC +1, EV +1)
((You are camouflaged when in or above water. (Stealth+)))
You have tentacles for arms and can constrict up to eight enemies at once.


Message History

Casting: Magic Dart (safe; 1% risk of failure)
Confirm with . or Enter, or press ? or * to list all spells.
Aiming: Fulminant Prism (dangerous; 6% risk of failure)
Press: ? - help, Dir - move target, p - necrophage You conjure a prism of explosive energy!
A fulminant prism comes into view.
Your fulminant prism crackles loudly.
Your fulminant prism explodes!
The blast of energy engulfs the necrophage!!
You destroy the necrophage!
You hear a shout!
A centaur comes into view.
The centaur wields a +0 shortbow.
The centaur shoots an arrow.
The arrow hits you!
Casting: Fulminant Prism (dangerous; 6% risk of failure)
Confirm with . or Enter, or press ? or * to list all spells.
Aiming: Fulminant Prism (dangerous; 6% risk of failure)
Press: ? - help, Dir - move target You conjure a prism of explosive energy!
A fulminant prism comes into view.
The centaur shoots an arrow.
The arrow hits you!
An ice beast comes into view.
The centaur shoots an arrow.
The arrow hits you!
The centaur shoots an arrow.
The arrow closely misses you.
Your fulminant prism crackles loudly.
The centaur shoots an arrow.
The arrow hits you.
The centaur shoots an arrow.
The arrow hits you!
* * * LOW HITPOINT WARNING * * *
Your fulminant prism explodes!
The blast of energy engulfs the centaur!
The centaur is severely wounded.
You hear a shout!
Aiming: Throw Flame
Press: ? - help, Shift-Dir - straight line, f - centaur
Aim: a centaur, wielding a +0 shortbow (severely wounded, 81% to hit)
The puff of flame hits the centaur.
The centaur is severely wounded.
The centaur shoots an arrow.
The arrow hits you!
You die...
Your body crumbles into a pile of gold.

##.........##..########.##
.......)...)))))).........
...........c.#.######)....
##..#Y.......#............
#...#.....................
$ .
#.................#.....
##'#$.......#####.#.....
#.#)......## #....###
#.#...@...# ####..
###∩#>.###### ###.
#.'.#.## .. #.'.#.#
###<### #. #. #


You could see an ice beast and a centaur.

Vanquished Creatures
  Grinder (D:4)
  A centaur (D:5)
  2 ogres (D:4)
  Blork the orc (D:4)
  2 necrophages
  A scorpion (D:5)
  2 hounds
  3 jellies
  An orc priest (D:5)
  An iguana (D:5)
  Jessica (D:3)
  Ijyb (D:3)
  3 orc wizards
  Natasha (thrice) (D:3)
  Robin (D:4)
  11 gnolls
  5 adders
  A shadow imp (D:5)
  A white imp (D:5)
  An ufetubus (D:5)
  A worm (D:2)
  2 dart slugs
  9 orcs
  2 ball pythons
  2 endoplasms (D:1)
  4 hobgoblins
  5 jackals
  2 bats
  A frilled lizard (D:2)
  9 goblins
  8 kobolds
  5 rats
93 creatures vanquished.

Vanquished Creatures (others)
  10 fulminant prisms
10 creatures vanquished.

Grand Total: 103 creatures vanquished

Notes
Turn   | Place    | Note
-------+----------+-------------------------------------------
     0 | D:1      | hikkokomori the Octopode Conjurer began the quest for the
                  | Orb.
     0 | D:1      | Reached XP level 1. HP: 11/11 MP: 3/3
   374 | D:1      | Reached XP level 2. HP: 17/17 MP: 0/5
   572 | D:1      | Found a faded altar of an unknown god.
  1086 | D:2      | Reached XP level 3. HP: 21/21 MP: 2/6
  1100 | D:2      | Reached skill level 5 in Conjurations
  1161 | D:2      | Reached XP level 4. HP: 22/27 MP: 4/7
  1166 | D:2      | Learned a level 4 spell: Fulminant Prism
  1238 | D:2      | Reached skill level 1 in Hexes
  1830 | D:3      | Noticed Jessica
  1832 | D:3      | Killed Jessica
  1833 | D:3      | Reached XP level 5. HP: 31/31 MP: 6/8
  1866 | D:3      | Reached skill level 6 in Conjurations
  2135 | D:2      | Learned a level 2 spell: Searing Ray
  2207 | D:3      | Noticed Natasha
  2211 | D:3      | Killed Natasha
  2247 | D:3      | Reached XP level 6. HP: 27/36 MP: 1/9
  2393 | D:3      | Noticed Natasha
  2399 | D:3      | Killed Natasha
  2456 | D:3      | Noticed Natasha
  2463 | D:3      | Killed Natasha
  2627 | D:3      | Noticed Ijyb
  2639 | D:3      | Killed Ijyb
  3045 | D:4      | Identified the +1 helmet of Tantan {rElec Str-2 Dex+4}
  3045 | D:4      | Noticed Robin
  3049 | D:4      | Killed Robin
  3185 | D:4      | Noticed Blork the orc
  3191 | D:4      | Killed Blork the orc
  3192 | D:4      | Reached skill level 7 in Conjurations
  3192 | D:4      | Reached XP level 7. HP: 33/41 MP: 0/10
  3309 | D:4      | Found a staircase to the Ecumenical Temple.
  3330 | Temple   | Entered the Ecumenical Temple
  3436 | Temple   | Became a worshipper of Gozag Ym Sagoz the Greedy
  4113 | D:4      | Noticed Grinder
  4124 | D:4      | Paralysed by Grinder for 4 turns
  4137 | D:4      | Killed Grinder
  4138 | D:4      | Reached skill level 5 in Hexes
  4138 | D:4      | Reached XP level 8. HP: 46/46 MP: 1/11
  4357 | D:5      | Entered Level 5 of the Dungeon
  4364 | D:4      | Reached skill level 8 in Conjurations
  4576 | D:5      | Found a shimmering blue altar of Sif Muna.
  4777 | D:5      | Reached skill level 1 in Fighting
  4913 | D:5      | Found Uhiretuh's Antique Armour Shop.
  4953 | D:5      | Shot with an arrow by a centaur

Illustrated notes

Levels and vault maps discovered:
D:1:      minmay_arrival_doors, layout_loops_corners,
          hellmonk_ecumenical_altar_pennies_from_heaven, kennysheep_doodads
D:2:      layout_basic
D:3:      layout_loops_ring, nicolae_figureground_sparkle, uniq_natasha,
          uniq_jessica, uniq_ijyb
D:4:      layout_loops_ring, minmay_temple_entry_arrows,
          hangedman_decor_diamond_cutter, uniq_blork_the_orc, uniq_grinder,
          uniq_robin
D:5:      layout_rooms, nicolae_sif_muna_condensation, serial_shops, shop,
          nicolae_shop_hallway_stairs, nicolae_shop_bloodbath_and_beyond, shop,
          nicolae_shop_stone, grunt_ministairs_15, minmay_checkerbox,
          uniq_sigmund
Temple:   minmay_temple_bridge_d

Skill      XL: |  1  2  3  4  5  6  7  8 |
---------------+-------------------------+-----
Conjurations   | 5 6 7 8 |  8.6
Hexes          | 1 2 4 5 6 |  6.0
Fighting       | 1 |  1.7
Dodging        | |  2.0
Stealth        | |  2.7
Spellcasting   | |  2.7

Action                   |  1- 3 |  4- 6 |  7- 9 || total
-------------------------+-------+-------+-------++-------
Melee: Unarmed           |     3 |       |       ||     3
       Short sword       |     7 |    55 |    30 ||    92
       Tentacles         |     3 |    11 |    10 ||    24
       Constrict         |     1 |    14 |     4 ||    19
 Cast: Magic Dart        |    35 |    58 |    42 ||   135
       Searing Ray       |       |     6 |     7 ||    13
       Fulminant Prism   |       |     3 |     7 ||    10
Evoke: Wand              |       |       |     5 ||     5
  Use: Scroll            |       |     7 |       ||     7
       Potion            |       |       |     1 ||     1
 Stab: Distracted        |       |       |     1 ||     1
       Sleeping          |       |       |     1 ||     1
Armor: Skin              |       |     3 |     1 ||     4
Dodge: Dodged            |    11 |    26 |    24 ||    61

Table legend: (Time is in decaauts)
 A = Elapsed time spent in this place.
 B = Non-inter-level travel time spent in this place.
 C = Inter-level travel time spent in this place.
 D = Time resting spent in this place.
 E = Time spent auto-exploring this place.
 F = Levels seen in this place.
 G = Mean time per level.
                   A        B        C        D        E       F      G
               +--------+--------+--------+--------+--------+-----+--------+
         Total |   4955 |   4750 |    205 |    106 |   3982 |   6 |  825.8 |
       Dungeon |   4778 |   4663 |    115 |    106 |   3905 |   5 |  955.6 |
        Temple |    176 |     86 |     90 |      0 |     77 |   1 |  176.0 |
               +--------+--------+--------+--------+--------+-----+--------+

Top non-repeatable levels by time:
     D:4: 1187 daAuts
     D:3: 1124 daAuts
     D:1: 1117 daAuts
     D:2: 789 daAuts
     D:5: 560 daAuts
  Temple: 176 daAuts
